[Event "Titled Tuesday Blitz April 26 Early 2022"]
[White "Cagara, Paulina"]
[Black "Hamley, Ryan"]
[WhiteFideId "1124870"]
[BlackFideId "30959497"]
[WhiteElo "1780"]
[BlackElo "2439"]
[Result "0-1"]
[Round "06"]
[TimeControl "180+1"]
[Date "2022.04.26"]
[WhiteClock "0:00:27"]
[BlackClock "0:01:05"]

1. e4 c6 2. d4 d5 3. exd5 cxd5 4. Bd3 Nc6 5. c3 g6 6. Nf3 Bg7 7. O-O Nf6 8. Bf4 O-O 9. Nbd2 Bf5 10. Bxf5 gxf5 11. Re1 Rc8 12. b4 Ne4 13. Qb3 e6 14. Rac1 Qb6 15. b5 Na5 16. Qb4 Nc4 17. Nxe4 fxe4 18. Ng5 h6 19. Nh3 Rfd8 20. f3 f5 21. fxe4 fxe4 22. Kh1 Nd6 23. a4 Rc4 24. Qa3 Nf5 25. a5 Qxb5 26. Rb1 Qc6 27. Rb3 Rd7 28. Qb2 Ra4 29. Rb5 Bf8 30. Bb8 a6 31. Nf4 axb5 32. Qe2 Bd6 33. Qg4+ Rg7 34. Ng6 Bxb8 35. Rf1 Qe8 0-1


[Site "https://www.chess.com"]

[Event "Titled Tuesday Blitz April 26 Early 2022"]
[White "Chernomordik, Pavel"]
[Black "De Arruda, Leandro Formes"]
[WhiteFideId "2804530"]
[BlackFideId "22722009"]
[WhiteElo "2220"]
[BlackElo "1852"]
[Result "1-0"]
[Round "06"]
[TimeControl "180+1"]
[Date "2022.04.26"]
[WhiteClock "0:00:05"]
[BlackClock "0:00:01"]

1. e4 e6 2. Nc3 b6 3. d4 d5 4. exd5 exd5 5. Bf4 Ba6 6. Bxa6 Nxa6 7. Qe2+ Qe7 8. Nxd5 Qxe2+ 9. Nxe2 O-O-O 10. Ne3 Bd6 11. O-O-O Ne7 12. c3 Rhe8 13. Rhe1 Ng6 14. Bxd6 Rxd6 15. Nf5 Rf6 16. Neg3 Rd8 17. Re4 Nf8 18. f3 g6 19. Ne3 Ne6 20. Ng4 Rf4 21. Ne5 f5 22. Re2 Rh4 23. Nxg6 hxg6 24. Rxe6 Rxh2 25. Rd2 Rg8 26. Rde2 Kb7 27. Kc2 Nb8 28. d5 Nd7 29. b4 a5 30. Re7 Kc8 31. Nf1 Rh1 32. Ne3 axb4 33. cxb4 Kd8 34. Nc4 Nf6 35. R7e6 Nxd5 36. Rd2 Kd7 37. Re5 c6 38. Nxb6+ Kd6 39. Nc4+ Kc7 40. b5 Ra8 41. Kb2 Nb4 42. a3 Nd5 43. bxc6 Kxc6 44. Rexd5 Rb8+ 45. Ka2 Rhb1 46. Ne5+ Kc7 47. Rc5+ Kb6 48. Nd7+ Ka7 49. Ra5+ 1-0


[Site "https://www.chess.com"]

[Event "Titled Tuesday Blitz April 26 Early 2022"]
[White "Chojnacki, Slawomir"]
[Black "Harikrishna, Pentala"]
[WhiteFideId "1117076"]
[BlackFideId "5007003"]
[WhiteElo "2084"]
[BlackElo "2574"]
[Result "0-1"]
[Round "06"]
[TimeControl "180+1"]
[Date "2022.04.26"]
[WhiteClock "0:01:07"]
[BlackClock "0:01:50"]

1. d4 d5 2. Nf3 Nf6 3. c3 Bf5 4. Bf4 e6 5. e3 Bd6 6. Bg3 O-O 7. Bd3 Bxd3 8. Qxd3 c5 9. O-O Bxg3 10. hxg3 Nbd7 11. Nbd2 Qc7 12. Rac1 Rfe8 13. c4 Qb6 14. Qb3 cxd4 15. Nxd4 Rac8 16. Qxb6 axb6 17. cxd5 Nxd5 18. Nc4 Ra8 19. a3 N7f6 20. Nd6 Red8 21. N4b5 Rd7 22. e4 Ne7 23. Rc4 h5 24. Rfc1 Nc6 25. Nxb7 Ne5 26. Rc8+ Rxc8 27. Rxc8+ Kh7 28. N7d6 Nxe4 29. f4 Nxd6 30. Nxd6 Rxd6 31. fxe5 Rd3 32. Rc3 Rxc3 33. bxc3 Kg6 34. c4 Kf5 35. a4 Kxe5 0-1


[Site "https://www.chess.com"]

[Event "Titled Tuesday Blitz April 26 Early 2022"]
[White "Chuemsakul, Sarocha"]
[Black "Pires, Marcos Vinicius Torsani"]
[WhiteFideId "6203710"]
[BlackFideId "2118939"]
[WhiteElo "1703"]
[BlackElo "2273"]
[Result "1-0"]
[Round "06"]
[TimeControl "180+1"]
[Date "2022.04.26"]
[WhiteClock "0:00:06"]
[BlackClock "0:00:07"]

1. d4 d5 2. c4 e6 3. Nc3 Nf6 4. cxd5 exd5 5. Nf3 c6 6. Bf4 Bd6 7. Bxd6 Qxd6 8. e3 Bf5 9. Bd3 Bxd3 10. Qxd3 Nbd7 11. O-O O-O 12. a3 Rfe8 13. b4 a6 14. Na4 b5 15. Nc5 Nb6 16. a4 Nc4 17. Ra2 Ne4 18. Rfa1 Nxc5 19. dxc5 Qb8 20. axb5 Qxb5 21. Qc3 a5 22. Nd4 Qb7 23. bxa5 Reb8 24. h4 f6 25. a6 Qd7 26. Qc2 Ra7 27. Qf5 Qxf5 28. Nxf5 Rb5 29. Ne7+ Rxe7 30. a7 Rxa7 31. Rxa7 Rxc5 32. Rb1 Rb5 33. Rxb5 cxb5 34. Rb7 Nd6 35. Rb6 Nf5 36. g3 Kf7 37. Rxb5 Ke6 38. Kg2 d4 39. exd4 Nxd4 40. Rb7 Nf5 41. Kh3 h5 42. f3 g6 43. g4 hxg4+ 44. fxg4 Nd6 45. Rb6 Ke5 46. Ra6 f5 47. g5 f4 48. Kg4 f3 49. Kxf3 Nf5 50. Ra5+ Ke6 51. Kg4 Ne3+ 52. Kh3 Nf5 53. Ra6+ Kf7 54. Rf6+ Kg7 55. Re6 Nd4 56. Re4 Nf5 57. Kg4 Nd6 58. Re7+ Kg8 59. Rd7 Nf5 60. h5 Ng7 61. hxg6 Ne6 62. Re7 Ng7 63. Ra7 Ne6 64. Kf5 Ng7+ 65. Ke5 Ne8 66. Rb7 Ng7 67. Rb8+ Ne8 68. Rxe8+ Kg7 69. Re6 Kg8 70. Kf6 Kf8 71. Re5 Kg8 72. Re8# 1-0


[Site "https://www.chess.com"]

[Event "Titled Tuesday Blitz April 26 Early 2022"]
[White "Clawitter, Craig"]
[Black "Urbina Perez, Juan Antonio"]
[WhiteFideId "2023105"]
[BlackFideId "2217368"]
[WhiteElo "2237"]
[BlackElo "2192"]
[Result "1-0"]
[Round "06"]
[TimeControl "180+1"]
[Date "2022.04.26"]
[WhiteClock "0:00:10"]
[BlackClock "0:00:17"]

1. e4 c5 2. Nf3 d6 3. d4 cxd4 4. Nxd4 Nf6 5. Nc3 Nc6 6. Bc4 Qb6 7. Nb3 e6 8. Be3 Qc7 9. Qe2 a6 10. O-O-O Ne5 11. Bd3 Be7 12. Kb1 b5 13. f4 Nxd3 14. cxd3 b4 15. Na4 Bd7 16. Rc1 Qd8 17. Bb6 Qb8 18. Bc7 Qb7 19. Nb6 Ra7 20. e5 dxe5 21. fxe5 Nd5 22. Nxd7 Nxc7 23. Ndc5 Qd5 24. Qg4 O-O 25. Qxb4 Qxe5 26. Qe4 Qxe4 27. dxe4 e5 28. Rhd1 Ne6 29. Nxe6 fxe6 30. Nc5 Rf6 31. Nd7 Rf7 32. Rc8+ Bf8 33. Nxe5 Rfc7 34. Rxc7 Rxc7 35. Rd8 g6 36. a3 Kg7 37. Rd7+ Rxd7 38. Nxd7 Bd6 39. e5 Bc7 40. b4 g5 41. a4 Kg6 42. b5 axb5 43. axb5 Kf5 44. b6 Bd8 45. b7 Bc7 46. Kc2 h5 47. Kd3 h4 48. h3 g4 49. hxg4+ Kxg4 50. Ke2 Kf4 51. Kf2 Ke4 52. Kg1 Kf4 53. Kh2 Kg4 54. b8=Q Bxb8 55. Nxb8 Kf4 56. Nd7 Kg4 57. Nf6+ Kf5 58. Nd7 Kg4 59. Kh1 Kg3 60. Kg1 h3 61. gxh3 Kxh3 62. Kf2 Kg4 63. Ke3 Kf5 64. Kd4 Kf4 65. Kc5 Kf5 66. Kd6 1-0


[Site "https://www.chess.com"]

[Event "Titled Tuesday Blitz April 26 Early 2022"]
[White "Costachi, Mihnea"]
[Black "Ciorgovean, Iustin"]
[WhiteFideId "1217518"]
[BlackFideId "1242911"]
[WhiteElo "2841"]
[BlackElo "2553"]
[Result "1-0"]
[Round "06"]
[TimeControl "180+1"]
[Date "2022.04.26"]
[WhiteClock "0:02:21"]
[BlackClock "0:01:35"]

1. Nf3 Nf6 2. b3 d5 3. Bb2 c5 4. e3 Nc6 5. Be2 g6 6. d4 Bg7 7. dxc5 Qa5+ 8. Nbd2 O-O 9. O-O Qxc5 10. c4 Rd8 11. cxd5 Qxd5 12. Nc4 Bf5 13. Qxd5 Nxd5 14. Bxg7 Kxg7 15. Rfc1 Ndb4 16. a3 Nd3 17. Rc3 b5 18. Ncd2 Nde5 19. Bxb5 Nxf3+ 20. Nxf3 Be4 1-0


[Site "https://www.chess.com"]

[Event "Titled Tuesday Blitz April 26 Early 2022"]
[White "Cramling Bellon, Anna"]
[Black "Terzi, Alexei"]
[WhiteFideId "32009232"]
[BlackFideId "13505076"]
[WhiteElo "1905"]
[BlackElo "2031"]
[Result "1-0"]
[Round "06"]
[TimeControl "180+1"]
[Date "2022.04.26"]
[WhiteClock "0:00:04"]
[BlackClock "0:00:25"]

1. d4 Nf6 2. c4 c5 3. d5 b5 4. cxb5 a6 5. Nc3 g6 6. e4 d6 7. Bd2 Bg7 8. a4 O-O 9. Nf3 Nbd7 10. Bd3 axb5 11. axb5 Rxa1 12. Qxa1 Nb6 13. O-O e6 14. dxe6 Bxe6 15. e5 Ng4 16. exd6 Qxd6 17. Ne4 Qxd3 18. Nxc5 Qxb5 19. Nxe6 fxe6 20. h3 Ne5 21. Ng5 Nec4 22. Nxe6 Nxd2 23. Rd1 Nb3 24. Qa7 Rf7 25. Rd8+ Bf8 26. Rxf8+ Rxf8 27. Qg7# 1-0


[Site "https://www.chess.com"]

[Event "Titled Tuesday Blitz April 26 Early 2022"]
[White "Cunha, Lucas Aguiar"]
[Black "Samaganova, Aleksandra"]
[WhiteFideId "2125404"]
[BlackFideId "13800221"]
[WhiteElo "2361"]
[BlackElo "1859"]
[Result "1-0"]
[Round "06"]
[TimeControl "180+1"]
[Date "2022.04.26"]
[WhiteClock "0:00:29"]
[BlackClock "0:00:01"]

1. e4 c5 2. Nf3 e6 3. d4 cxd4 4. Nxd4 a6 5. Bd3 Qc7 6. Qe2 Nf6 7. e5 Nd5 8. a3 b5 9. f4 Nc6 10. Nf3 d6 11. O-O Be7 12. Kh1 O-O 13. Bd2 Bb7 14. Nc3 Nxc3 15. Bxc3 Rfd8 16. exd6 Bxd6 17. Bxh7+ Kxh7 18. Ng5+ Kg8 19. Qh5 Kf8 20. Qh8+ Ke7 21. Qxg7 Rf8 22. Rfe1 Kd8 23. Rad1 Kc8 24. Ne4 Be7 25. Bf6 Kb8 26. Rd2 Ka7 27. Bc3 Rad8 28. Rxd8 Rxd8 29. Qxf7 Bd6 30. Qxe6 Bxf4 31. Qh3 Rg8 32. Nf6 Rg7 33. Nd5 Qf7 34. Nxf4 Rh7 35. Qe3+ Ka8 36. Qe8+ Nb8 37. Qxf7 Rxf7 38. Ne6 Nd7 39. Nd8 Rh7 40. Nxb7 Kxb7 41. g4 Nc5 42. g5 Rd7 43. g6 Rd8 44. g7 Rg8 45. h4 Nd7 46. h5 Kc6 47. h6 1-0


[Site "https://www.chess.com"]

[Event "Titled Tuesday Blitz April 26 Early 2022"]
[White "Daneshvar, Bardiya"]
[Black "Svane, Rasmus"]
[WhiteFideId "12576468"]
[BlackFideId "4657101"]
[WhiteElo "2330"]
[BlackElo "2645"]
[Result "0-1"]
[Round "06"]
[TimeControl "180+1"]
[Date "2022.04.26"]
[WhiteClock "0:00:06"]
[BlackClock "0:00:15"]

1. b3 d5 2. Bb2 Bf5 3. d3 e6 4. Nd2 Nf6 5. g3 h6 6. Bg2 Bh7 7. e4 Bb4 8. e5 Nfd7 9. Qg4 Bxd2+ 10. Kxd2 O-O 11. Ne2 c5 12. Nf4 Nc6 13. Rae1 Rc8 14. h4 c4 15. Nh5 Bg6 16. Nxg7 Kxg7 17. h5 cxd3 18. hxg6 fxg6 19. f4 Qa5+ 20. Bc3 Qxa2 21. Rc1 d4 22. Be4 dxc3+ 23. Ke3 Rf5 24. Bxd3 Qa3 25. Bxf5 Qc5+ 26. Ke2 Nd4+ 27. Kf1 Nxf5 28. Qf3 Rf8 29. Re1 Rf7 30. Kg2 Nd4 31. Qe4 Qc6 32. Qxc6 bxc6 33. Rc1 g5 34. Rhd1 c5 35. Rd3 gxf4 36. gxf4 Rxf4 37. Re1 Nb6 38. Rxc3 Nd7 39. Ra1 Nc6 40. Rd3 Ndxe5 41. Rd6 Kf6 42. Ra6 Rd4 43. Rdxc6 Nxc6 44. Rxc6 Rd2+ 45. Kg1 Rxc2 46. b4 c4 47. Rc7 c3 48. Rxa7 Rd2 0-1


[Site "https://www.chess.com"]

[Event "Titled Tuesday Blitz April 26 Early 2022"]
[White "Dauner, Benedikt"]
[Black "Rom, Jasper"]
[WhiteFideId "16225899"]
[BlackFideId "2023733"]
[WhiteElo "2230"]
[BlackElo "2233"]
[Result "1-0"]
[Round "06"]
[TimeControl "180+1"]
[Date "2022.04.26"]
[WhiteClock "0:00:15"]
[BlackClock "0:00:03"]

1. b4 e5 2. a3 d5 3. Bb2 f6 4. e3 Be6 5. Ne2 Nd7 6. d4 e4 7. Nf4 Bf7 8. h4 Bd6 9. g3 Ne7 10. Nd2 O-O 11. c4 c6 12. cxd5 cxd5 13. Bh3 f5 14. Bf1 g6 15. Be2 Nf6 16. Nb3 b6 17. Rc1 Rc8 18. Ba6 Rc7 19. Rxc7 Qxc7 20. Qc1 Qd7 21. Nd2 h6 22. Be2 Rc8 23. Qd1 Kg7 24. Qb3 Qc7 25. Bd1 Rh8 26. Nb1 g5 27. hxg5 hxg5 28. Rxh8 Kxh8 29. Ne2 Kg7 30. Nbc3 a6 31. Qa4 Qc8 32. Qc2 Qc7 33. Na4 Qb8 34. Bc1 Ng4 35. Bd2 Be8 36. Nac3 Nf6 37. Kf1 Bd7 38. Ke1 Qh8 39. Bc1 Qh1+ 40. Kd2 Qg2 41. Na4 Qxf2 42. Nxb6 Bb5 43. Nc8 Nxc8 44. Qxc8 Ng4 45. Qc3 Bxg3 46. a4 Qe1+ 47. Kc2 Bxa4+ 48. Kb2 Qxd1 49. Nxg3 Nf2 50. Qc7+ Kg6 51. Qd6+ Kf7 52. Qc7+ Kf8 53. Qd8+ Kf7 54. Qc7+ Kf8 55. Nxf5 Nd3+ 56. Ka2 Qb3+ 57. Ka1 1-0


[Site "https://www.chess.com"]

[Event "Titled Tuesday Blitz April 26 Early 2022"]
[White "Deac, Bogdan-Daniel"]
[Black "Pranav, V"]
[WhiteFideId "1226380"]
[BlackFideId "25060783"]
[WhiteElo "2648"]
[BlackElo "2349"]
[Result "1-0"]
[Round "06"]
[TimeControl "180+1"]
[Date "2022.04.26"]
[WhiteClock "0:00:07"]
[BlackClock "0:00:10"]

1. e4 e5 2. Nf3 Nc6 3. d4 exd4 4. Nxd4 Bc5 5. Nb3 Bb6 6. Nc3 Nf6 7. Qe2 a5 8. a4 d6 9. Bg5 h6 10. Bh4 g5 11. Bg3 Bg4 12. f3 Be6 13. O-O-O Nh5 14. Bf2 Bxf2 15. Qxf2 Qf6 16. g3 Ne5 17. Be2 Ng7 18. Nd4 c6 19. f4 gxf4 20. gxf4 Ng6 21. f5 Ne7 22. Rhg1 h5 23. Qg3 Rg8 24. fxe6 Nxe6 25. Qe3 O-O-O 26. Rgf1 Qe5 27. Rxf7 Ng5 28. Nf3 Nxf3 29. Qxf3 Ng6 30. Qf5+ Kb8 31. Qxe5 Nxe5 32. Rh7 Rg2 33. Rxh5 Rf8 34. Rxd6 Ng6 35. Rf5 Rh8 36. Rd1 Rhxh2 37. Bd3 Kc7 38. Kb1 Ne7 39. Rxa5 Ng6 40. Rf5 Rg3 41. e5 Re3 42. Ne4 Kb6 43. e6 Rh8 44. a5+ Ka7 45. a6 bxa6 46. Rf7+ Kb6 47. Nd6 Rxe6 48. Rb7+ Kc5 49. Ne4+ Kd4 50. Ng5 Re5 51. Nf3+ Ke3 52. Nxe5 Nxe5 53. Re1+ Kd2 54. Rxe5 Rh1+ 55. Ka2 a5 56. Re2+ Kc1 57. Rbe7 Kd1 58. Ka3 c5 59. Re1+ Rxe1 60. Rxe1+ Kd2 61. Re2+ Kc1 62. b3 c4 63. Bxc4 a4 64. Kxa4 Kb2 65. b4 Kc3 66. b5 Kb2 67. b6 Kb1 68. b7 Ka1 69. c3 Kb1 70. b8=Q+ Kc1 71. Qb2+ Kd1 72. Qd2# 1-0


[Site "https://www.chess.com"]

[Event "Titled Tuesday Blitz April 26 Early 2022"]
[White "Demchenko, Anton"]
[Black "Jaracz, Pawel"]
[WhiteFideId "4160258"]
[BlackFideId "1102222"]
[WhiteElo "2539"]
[BlackElo "2429"]
[Result "1-0"]
[Round "06"]
[TimeControl "180+1"]
[Date "2022.04.26"]
[WhiteClock "0:00:10"]
[BlackClock "0:01:11"]

1. e4 c5 2. Nf3 Nc6 3. Bb5 g6 4. O-O Bg7 5. d3 d6 6. e5 Bg4 7. Bxc6+ bxc6 8. h3 Bxf3 9. Qxf3 Qd7 10. exd6 exd6 11. Re1+ Kf8 12. Nc3 Ne7 13. g4 h5 14. Bg5 hxg4 15. Rxe7 gxf3 16. Rxd7 Rxh3 17. Re1 Bd4 18. Ne4 Kg7 19. Nxd6 Rg3+ 20. Kf1 Rxg5 21. Rxf7+ Kh6 22. Rxf3 Rh5 23. Nf7+ Kg7 24. Re7 Kg8 25. c3 Bg7 26. Nd6 Rd8 27. Re6 Kh7 28. Ne4 c4 29. d4 Rb8 30. Rf7 Kh6 31. Ree7 Rg8 32. Rxa7 Rh1+ 33. Kg2 Rb1 34. Rfb7 Re1 35. Nd2 Re2 36. Nxc4 Bf6 37. Rh7+ Kg5 38. Ra5+ Kg4 39. Ne3+ Kf4 40. Rf7 1-0


[Site "https://www.chess.com"]

[Event "Titled Tuesday Blitz April 26 Early 2022"]
[White "Dixit, Nikhil"]
[Black "Onslow, Alfie"]
[WhiteFideId "5059534"]
[BlackFideId "436976"]
[WhiteElo "2223"]
[BlackElo "1884"]
[Result "0-1"]
[Round "06"]
[TimeControl "180+1"]
[Date "2022.04.26"]
[WhiteClock "0:00:10"]
[BlackClock "0:00:07"]

1. e4 c5 2. Nf3 Nc6 3. Bb5 g6 4. O-O Bg7 5. Re1 e5 6. Nc3 Nge7 7. Nd5 O-O 8. a4 d6 9. Nxe7+ Qxe7 10. Bc4 Be6 11. d3 b6 12. Ng5 Bxc4 13. dxc4 Nd4 14. c3 Ne6 15. Nxe6 Qxe6 16. Qd5 Qxd5 17. cxd5 f5 18. f3 Rf7 19. Bd2 Raf8 20. c4 fxe4 21. Rxe4 h5 22. Kf1 Kh7 23. Ke2 Bh6 24. Bxh6 Kxh6 25. h4 Rf4 26. Rf1 g5 27. g3 R4f5 28. hxg5+ Rxg5 29. Rg1 Kg6 30. b3 Rgf5 31. Rf1 Rg5 32. Rg1 Kf5 33. Rh4 Rfg8 34. Rgh1 Rxg3 35. Rxh5+ R8g5 36. Rh8 Rg2+ 37. Ke3 Rb2 38. R1h6 Rxb3+ 39. Kf2 Kf4 40. Rh4+ Kf5 41. R4h6 Rb2+ 42. Ke3 Rb3+ 43. Ke2 Rg2+ 44. Kf1 Ra2 45. Rh5+ Kf4 46. Rh4+ Ke3 47. Re4+ Kxf3 48. Rh3+ Kxe4 49. Rxb3 Rxa4 50. Rh3 Rxc4 51. Rh4+ Kxd5 52. Rh6 a5 53. Ke2 a4 54. Kd3 Rd4+ 55. Kc3 b5 56. Rh8 b4+ 57. Kb2 Rg4 0-1


[Site "https://www.chess.com"]

[Event "Titled Tuesday Blitz April 26 Early 2022"]
[White "Elgersma, Onno"]
[Black "Narayanan, Srinath"]
[WhiteFideId "1053531"]
[BlackFideId "5018420"]
[WhiteElo "2501"]
[BlackElo "2753"]
[Result "1-0"]
[Round "06"]
[TimeControl "180+1"]
[Date "2022.04.26"]
[WhiteClock "0:00:15"]
[BlackClock "0:00:34"]

1. e4 c6 2. d4 d5 3. exd5 cxd5 4. c4 Nf6 5. Nc3 Nc6 6. Nf3 e6 7. Bg5 Be7 8. Bd3 O-O 9. O-O h6 10. Bh4 dxc4 11. Bxc4 b6 12. a3 Bb7 13. Re1 Rc8 14. Ba2 Na5 15. Ne5 Nd5 16. Bxe7 Nxe7 17. Qg4 Nf5 18. Rad1 Qh4 19. Qxh4 Nxh4 20. f3 Rfd8 21. d5 f6 22. dxe6 Rxd1 23. Rxd1 Kh7 24. Nf7 Re8 25. Rd7 Bc8 26. Rd8 Rxd8 27. Nxd8 Nf5 28. Bb1 g6 29. Nd5 Nc4 30. Bxf5 gxf5 31. e7 Nd6 32. Nxf6+ Kg6 33. e8=Q+ Nxe8 34. Nxe8 f4 35. Nd6 Bd7 36. N8f7 Kf6 37. Nxh6 Ke5 38. Nc4+ Kd4 39. Nd6 Kd3 40. Ng4 Kc2 41. h4 Kxb2 42. h5 Ba4 43. h6 Bc2 44. Ne4 Kxa3 45. h7 a5 46. h8=Q Bb3 47. Qa1+ Kb4 48. Ne5 a4 49. Nd3+ Kc4 50. Qc3+ Kb5 51. Qb4+ Kc6 52. Ne5+ Kd5 53. Nd3 Kc6 54. Nxf4 b5 55. Qc5+ Kd7 56. Nf6+ Kd8 57. Qd6+ Kc8 58. N4d5 Kb7 59. Qc7+ Ka6 60. Qb6# 1-0


[Site "https://www.chess.com"]

[Event "Titled Tuesday Blitz April 26 Early 2022"]
[White "Esipenko, Andrey"]
[Black "Donchenko, Alexander"]
[WhiteFideId "24175439"]
[BlackFideId "24603295"]
[WhiteElo "2617"]
[BlackElo "2539"]
[Result "1-0"]
[Round "06"]
[TimeControl "180+1"]
[Date "2022.04.26"]
[WhiteClock "0:02:07"]
[BlackClock "0:02:11"]

1. d4 Nf6 2. c4 e6 3. Nc3 Bb4 4. e3 O-O 5. a3 Bxc3+ 6. bxc3 d6 7. Bd3 e5 8. e4 Nc6 9. Ne2 b6 10. O-O Re8 11. f3 Ba6 12. Bg5 h6 13. Bh4 Na5 14. f4 exf4 15. Nxf4 g5 16. Nh5 Nxh5 17. Qxh5 gxh4 18. Qxf7+ Kh8 19. Rf6 1-0


[Site "https://www.chess.com"]

[Event "Titled Tuesday Blitz April 26 Early 2022"]
[White "Estrada Nieto, Julian"]
[Black "Lauridsen, Jesper Morch"]
[WhiteFideId "5101018"]
[BlackFideId "1401890"]
[WhiteElo "2252"]
[BlackElo "2288"]
[Result "1/2-1/2"]
[Round "06"]
[TimeControl "180+1"]
[Date "2022.04.26"]
[WhiteClock "0:00:17"]
[BlackClock "0:00:07"]

1. e4 e5 2. Nf3 Nf6 3. d4 Nxe4 4. Bd3 d5 5. Nxe5 Nd7 6. Nxd7 Bxd7 7. O-O Bd6 8. Nc3 Nxc3 9. bxc3 O-O 10. Qh5 g6 11. Qh6 Qf6 12. Re1 Rfe8 13. Bg5 Qg7 14. Qh4 f5 15. Bf6 Qf7 16. Be5 Bxe5 17. dxe5 c5 18. f4 b5 19. h3 c4 20. Bf1 a5 21. a3 Ra6 22. Qf2 Rea8 23. Qd4 Be6 24. g3 Qa7 25. Red1 b4 26. axb4 axb4 27. Qxa7 R8xa7 28. Rxa6 Rxa6 29. cxb4 Ra2 30. Bg2 Rxc2 31. Bxd5 Bxd5 32. Rxd5 Rb2 33. Rc5 Rxb4 34. g4 fxg4 35. hxg4 c3 36. Rxc3 Rxf4 37. Kg2 Kf7 38. Kg3 Re4 39. Rc7+ Ke6 40. Rxh7 Rxe5 41. Kh4 Re1 42. Kg5 Rg1 43. Rg7 Ra1 44. Rxg6+ Kf7 45. Rf6+ Kg7 46. Rf5 Ra6 47. Rb5 Rc6 48. Rb7+ Kg8 49. Kh5 Ra6 50. Rc7 Rb6 51. Re7 Ra6 52. Kg5 Rb6 53. Kf5 Ra6 54. Re6 Rxe6 55. Kxe6 Kg7 56. Kf5 Kf7 57. Kg5 Kg7 58. Kh5 Kh7 59. Kg5 Kg7 60. Kf5 Kf7 61. g5 Kg7 62. Kg4 Kg6 63. Kf4 Kg7 64. Kf5 Kf7 65. g6+ Kg7 66. Kg5 Kg8 67. Kf6 Kf8 68. g7+ Kg8 69. Kg6 1/2-1/2


[Site "https://www.chess.com"]

[Event "Titled Tuesday Blitz April 26 Early 2022"]
[White "Eynullayev, Atilla"]
[Black "Leiva, Gianmarco"]
[WhiteFideId "13413570"]
[BlackFideId "3804399"]
[WhiteElo "2491"]
[BlackElo "2729"]
[Result "0-1"]
[Round "06"]
[TimeControl "180+1"]
[Date "2022.04.26"]
[WhiteClock "0:00:09"]
[BlackClock "0:00:07"]

1. e4 c6 2. d4 d5 3. e5 c5 4. dxc5 e6 5. Nf3 Bxc5 6. a3 Be7 7. Bd3 Nc6 8. O-O f6 9. b4 fxe5 10. b5 e4 11. bxc6 exf3 12. cxb7 Bxb7 13. Bb5+ Kf7 14. Qxf3+ Bf6 15. Bb2 Qb6 16. Bxf6 Nxf6 17. Bd3 e5 18. Nc3 e4 19. Nxe4 dxe4 20. Bc4+ Kf8 21. Qf5 g6 22. Qg5 Kg7 23. Rab1 Qc6 24. Bb5 Qc7 25. Rfd1 Rad8 26. Be2 Rxd1+ 27. Rxd1 Rd8 28. Rb1 Rd5 29. Qe3 Rd6 30. Qxa7 Rd7 31. h3 Re7 32. Qd4 e3 33. f3 Qxc2 34. Rb2 Qc1+ 35. Kh2 Qc7+ 36. g3 Bd5 37. Kg2 h5 38. g4 h4 39. Bd3 Qg3+ 40. Kf1 Qxf3+ 41. Ke1 e2 42. Bxe2 Qh1+ 43. Kd2 Qe4 44. Qxe4 Nxe4+ 45. Ke1 Ng5 46. Kd1 Nxh3 47. Bd3 Nf4 48. Bb1 h3 49. Rh2 Bg2 50. g5 Re5 51. Bc2 Rxg5 52. Ke1 Kh6 53. Kf2 Kh5 54. Bb3 Kh4 55. Bd1 Rd5 56. Bc2 Rd2+ 57. Ke3 Rxc2 58. Kxf4 Ra2 59. Ke3 g5 60. a4 g4 61. Kf4 g3 0-1


[Site "https://www.chess.com"]

[Event "Titled Tuesday Blitz April 26 Early 2022"]
[White "Fedoseev, Vladimir"]
[Black "Csonka, Balazs"]
[WhiteFideId "24130737"]
[BlackFideId "742910"]
[WhiteElo "2726"]
[BlackElo "2404"]
[Result "0-1"]
[Round "06"]
[TimeControl "180+1"]
[Date "2022.04.26"]
[WhiteClock "0:00:17"]
[BlackClock "0:00:07"]

1. e4 e5 2. Nf3 Nf6 3. d3 Nc6 4. g3 d5 5. exd5 Nxd5 6. Bg2 Bc5 7. O-O O-O 8. Nbd2 Re8 9. a3 a5 10. Re1 Bg4 11. h3 Bh5 12. c3 a4 13. Ne4 Bb6 14. c4 Nf6 15. Bg5 Nxe4 16. Bxd8 Nxf2 17. Qe2 Nxd3+ 18. Kh2 Nxe1 19. Qxe1 Raxd8 20. Ng5 h6 21. Ne4 Bd4 22. Nc3 Bxc3 23. bxc3 e4 24. Qe3 Ne5 25. Qc5 Nf3+ 26. Kh1 Bg6 27. Qxc7 Rd2 28. Qf4 Red8 29. Rf1 Rd1 30. Qe3 R8d2 31. Rxd1 Rxd1+ 32. Bf1 Rxf1+ 33. Kg2 Rd1 34. Qb6 Rd2+ 35. Kf1 Nh2+ 36. Ke1 Nf3+ 37. Kf1 Kh7 38. h4 e3 39. Qxe3 Bd3+ 0-1


[Site "https://www.chess.com"]

[Event "Titled Tuesday Blitz April 26 Early 2022"]
[White "Ferreira, Vitor Hugo Vieira"]
[Black "Pourkashiyan, Atousa"]
[WhiteFideId "2119765"]
[BlackFideId "12502014"]
[WhiteElo "2165"]
[BlackElo "2247"]
[Result "0-1"]
[Round "06"]
[TimeControl "180+1"]
[Date "2022.04.26"]
[WhiteClock "0:02:25"]
[BlackClock "0:02:14"]

1. d4 Nf6 2. c4 e6 3. Nf3 d5 4. Nc3 Be7 5. Bf4 O-O 6. e3 Nbd7 7. h3 c5 8. cxd5 Nxd5 9. Nxd5 exd5 10. Bd3 Qa5+ 11. Qd2 Qxd2+ 12. Kxd2 cxd4 13. Nxd4 Nc5 14. Bc2 Ne4+ 15. Ke2 b6 16. f3 Ba6+ 17. Ke1 Bb4+ 18. Kd1 Nf2+ 19. Kc1 Nxh1 20. Bxh7+ Kxh7 0-1


[Site "https://www.chess.com"]

[Event "Titled Tuesday Blitz April 26 Early 2022"]
[White "Gatterer, Florian"]
[Black "Fernandez Hernandez, Gerardo"]
[WhiteFideId "811688"]
[BlackFideId "2207400"]
[WhiteElo "2218"]
[BlackElo "2187"]
[Result "1-0"]
[Round "06"]
[TimeControl "180+1"]
[Date "2022.04.26"]
[WhiteClock "0:00:06"]
[BlackClock "0:00:01"]

1. f4 d5 2. Nf3 Nf6 3. g3 g6 4. Bg2 Bg7 5. O-O O-O 6. d3 c5 7. Ne5 Nfd7 8. Nxd7 Qxd7 9. e4 dxe4 10. dxe4 Qxd1 11. Rxd1 Bg4 12. Re1 Nc6 13. c3 Rad8 14. Be3 b6 15. Na3 e5 16. h3 exf4 17. gxf4 Bh5 18. Kf2 Bf6 19. Kg3 Bg7 20. Bf3 Bxf3 21. Kxf3 f5 22. e5 g5 23. Rad1 Rxd1 24. Rxd1 gxf4 25. Bxf4 Nxe5+ 26. Bxe5 Bxe5 27. Rd7 Rf7 28. Rd8+ Rf8 29. Rd7 Rf7 30. Rd8+ Kg7 31. Nc4 Bc7 32. Ra8 b5 33. Ne3 f4 34. Nd5 Bb6 35. Rb8 b4 36. cxb4 cxb4 37. Nxb6 axb6 38. Rxb6 Ra7 39. Rxb4 Rxa2 40. Kxf4 Ra1 41. Re4 Rh1 42. Re3 Kf6 43. Ke4 Ke6 44. Kd4+ Kd6 45. Rf3 Rb1 46. b3 Rh1 47. Kc4 Rc1+ 48. Kb5 Rh1 49. b4 Kc7 50. Rc3+ Kb7 51. Kc5 h5 52. Re3 Rg1 53. Re5 h4 54. Re4 Rg5+ 55. Kc4 Rh5 56. Rg4 Rh6 57. Rg5 Kb6 58. Rg4 Kc6 59. Kd4 Kb6 60. Ke4 Kb5 61. Kf5 Kc6 62. Kg5 Rh8 63. Rxh4 Rg8+ 64. Kf4 Kb5 65. Rg4 Rf8+ 66. Kg3 Rh8 67. h4 Rh7 68. Rf4 Rh5 69. Kg4 Rh6 70. h5 Rh8 71. Kh4 Rg8 72. Rg4 Rh8 73. Rg6 Kxb4 74. Kg5 Kc5 75. h6 Kd5 76. Kf6 Rf8+ 77. Kg7 Rf1 78. Rg2 Ra1 79. h7 Ra7+ 80. Kh6 Ra6+ 81. Rg6 Ra8 82. Rg8 Ra6+ 83. Kg5 Rh6 84. Kxh6 1-0


[Site "https://www.chess.com"]

[Event "Titled Tuesday Blitz April 26 Early 2022"]
[White "Grandelius, Nils"]
[Black "Jobava, Baadur"]
[WhiteFideId "1710400"]
[BlackFideId "13601520"]
[WhiteElo "2617"]
[BlackElo "2617"]
[Result "0-1"]
[Round "06"]
[TimeControl "180+1"]
[Date "2022.04.26"]
[WhiteClock "0:00:02"]
[BlackClock "0:00:01"]

1. Nf3 d5 2. g3 c6 3. Bg2 Nf6 4. O-O Bf5 5. c4 e6 6. cxd5 exd5 7. d3 Be7 8. Qb3 Qc8 9. Nc3 O-O 10. e4 dxe4 11. Nd4 Bh3 12. dxe4 Bxg2 13. Kxg2 Bc5 14. Nf5 Re8 15. Bf4 Nbd7 16. Rae1 Ne5 17. Rd1 Ng6 18. Bd6 Bb6 19. f3 Qe6 20. Qxe6 fxe6 21. Nd4 Rad8 22. Nb3 Kf7 23. Na4 e5 24. Nxb6 axb6 25. Bc7 Ra8 26. a3 Ra6 27. Bd6 c5 28. Bc7 Rc8 29. Bd8 c4 30. Nc1 c3 31. bxc3 Rxc3 32. Bxf6 Kxf6 33. Nd3 Raxa3 34. Nb4 Ke6 35. Rd5 Rcb3 36. Rb5 Rb2+ 37. Kh3 Kd7 38. Rxb6 Rab3 39. Rd1+ Kc8 40. Rc1+ Kd8 41. Rc4 Rxf3 42. Rxb7 h5 43. Nc6+ Ke8 44. Rxb2 Rd3 0-1


[Site "https://www.chess.com"]